 Dungeon Crawl Stone Soup version 0.19-a0-1682-g5114f93 (webtiles) character file.

2564 AlphabetPasta the Sneak (level 9, -3/67 HPs)
             Began as a Demonspawn Assassin on Sept 24, 2016.
             Was an Initiate of Dithmenos.
             Splashed by a jelly's acid (5 damage)
             ... on level 5 of the Dungeon.
             The game lasted 00:47:19 (9007 turns).

AlphabetPasta the Sneak (Demonspawn Assassin)       Turns: 9007, Time: 00:47:19

Health: -3/67      AC: -9    Str: 17    XL:     9   Next: 31%
Magic:  10/10      EV: 15    Int: 13    God:    Dithmenos [......]
Gold:   207        SH:  0    Dex: 17    Spells: 0 memorised, 8 levels left

rFire  + . .     SeeInvis +     c - +0 falchion
rCold  + + .     Gourm    .     w - +1 robe {rC+ rF+}
rNeg   + . .     Faith    .     (no shield)
rPois  .         Spirit   .     (no helmet)
rElec  .         Dismiss  .     d - +1 cloak
rCorr  .         Reflect  .     (no gloves)
MR     .....     Harm     .     h - +0 pair of boots
Stlth  ++++......               (no amulet)
                                p - ring of see invisible
                                m - ring of positive energy

@: mighty, corroded
A: cold resistance 1, powered by pain 2, freezing cloud immunity
a: Renounce Religion


You were on level 5 of the Dungeon.
You worshipped Dithmenos.
Dithmenos was noncommittal.
You were not hungry.

You visited 2 branches of the dungeon, and saw 7 of its levels.

You collected 207 gold pieces.

Inventory:

Hand Weapons
 a - a +3 dagger of draining
 b - a +0 blowgun
 c - a +0 falchion (weapon)
 i - a +2 dagger
Missiles
 e - 10 poisoned needles
 v - a curare-tipped needle
 x - 2 throwing nets (quivered)
Armour
 d - a +1 cloak (worn)
 h - a +0 pair of boots (worn)
 k - a +0 robe
 w - a +1 robe of resistance (worn)
Jewellery
 m - a ring of positive energy (left hand)
 o - an uncursed ring of flight
 p - a ring of see invisible (right hand)
 y - a +4 ring of intelligence
Scrolls
 j - 3 scrolls of enchant armour
 n - 2 scrolls of blinking
 s - a scroll of enchant weapon
 z - 3 scrolls of remove curse
Potions
 f - a potion of cure mutation {unknown}
 t - a potion of lignification {unknown}
 u - a potion of haste {unknown}
Comestibles
 g - 2 bread rations
 l - 2 meat rations
 q - 2 royal jellies


   Skills:
 + Level 4.8 Fighting
 * Level 6.4 Short Blades
 + Level 4.6 Throwing
 + Level 4.4 Dodging
 * Level 7.5 Stealth
 + Level 2.2 Invocations


You had 8 spell levels left.
You didn't know any spells.

Dungeon Overview and Level Annotations

Branches:
Dungeon (6/15)             Temple (1/1) D:6

Altars:
Ashenzari
Cheibriados
Dithmenos
Elyvilon
Fedhas
Gozag
Hepliaklqana
Kikubaaqudgha
Makhleb
Nemelex Xobeh
Okawaru
Qazlal
Ru
Sif Muna
Trog
Uskayaw
Vehumet
Xom
Yredelemnul
Zin
The Shining One
Beogh

Annotations:
D:4 plsesad's ghost, amateur HESk


Innate Abilities, Weirdness & Mutations

Your flesh is cold resistant. (rC+)
You sometimes gain power by taking damage.
You are immune to freezing clouds.


Message History

You see here an enchanted short sword.
You feel very mighty all of a sudden. The jelly hits you.
* * * LOW HITPOINT WARNING * * *
You are splashed with acid!
The acid burns!
* * * LOW HITPOINT WARNING * * *
You hit the jelly but do no damage. The acid corrodes you!
Your hands burn!
* * * LOW HITPOINT WARNING * * *
The jelly is severely wounded.
The jelly barely misses you.
You riposte.
You hit the jelly but do no damage.
The jelly is severely wounded.
The jelly completely misses you.
You riposte.
You hit the jelly but do no damage.
The jelly is severely wounded.
You hit the jelly.
Your hands burn!
* * * LOW HITPOINT WARNING * * *
The jelly is severely wounded.
The jelly closely misses you.
You hit the jelly but do no damage.
Your hands burn!
You die...

##.# #.# #.######.#### #.# ...#
#.#####.# #.# #.# ##.# #.......#
#.# #.## ##.# ####.#### ##'##
#... .).# #.# ##...## #### ##.#
#####.#######.....## ## ##!#
#.........##.......## ##.
#..#####.##...##.#>........####..
<...............@J...............
#.###.........##.#.....>...####..
#.# #.##..##.(##.##......(## ##.
#.# #.##..###.##.###.....## ##
#.# #.##.........# ##...## # #.#
#.###.###.#### ##'## # #.# #.#
#.# #.# #.# # #.# #.###.###.#
######.#### # #.# #......##.#
#>[..J...<#######


You could see a jelly.

Vanquished Creatures
  5 yaks (D:5)
  An orc warrior (D:6)
  An ice beast (D:5)
  A sky beast (D:5)
  4 ogres
  2 centaurs
  2 bullfrogs (Temple)
  2 gnoll sergeants (D:6)
  A howler monkey (D:6)
  4 crimson imps
  An orc priest (D:6)
  A hound (D:6)
  2 orc wizards (D:5)
  A centaur skeleton (D:6)
  An iguana (D:6)
  4 worker ants
  A hound skeleton (D:5)
  A howler monkey zombie (D:5)
  11 adders
  12 gnolls
  A shadow imp (D:6)
  2 adder zombies (D:5)
  3 oozes
  An adder skeleton (D:4)
  5 worms
  A dart slug (D:2)
  A leopard gecko (D:3)
  8 orcs
  4 ball pythons
  11 bats
  7 giant cockroaches
  8 hobgoblins
  11 jackals
  6 quokkas
  A ball python skeleton (D:5)
  5 frilled lizards
  9 goblins
  A jackal skeleton (D:6)
  7 kobolds
  2 leopard gecko skeletons
  10 rats
162 creatures vanquished.

Notes
Turn   | Place    | Note
-------+----------+-------------------------------------------
     0 | D:1      | AlphabetPasta the Demonspawn Assassin began the quest for the Orb.
     0 | D:1      | Reached XP level 1. HP: 16/16 MP: 1/1
    52 | D:1      | Reached skill level 1 in Dodging
   319 | D:1      | Gained mutation: You sometimes gain a little power by taking damage. [demonic ancestry]
   319 | D:1      | Reached XP level 2. HP: 22/22 MP: 2/2
   346 | D:1      | Noticed an orc warrior
   516 | D:1      | Found a roughly hewn altar of Beogh.
   759 | D:1      | Reached skill level 4 in Stealth
   872 | D:1      | Gained mutation: Your flesh is cold resistant. (rC+) [demonic ancestry]
   872 | D:1      | Reached XP level 3. HP: 27/27 MP: 3/3
   876 | D:1      | Found a shimmering altar of Xom.
  1548 | D:2      | Reached XP level 4. HP: 32/34 MP: 4/4
  2122 | D:2      | Found a sacrificial altar of Ru.
  2765 | D:3      | Gained mutation: You sometimes gain power by taking damage. [demonic ancestry]
  2765 | D:3      | Reached XP level 5. HP: 39/39 MP: 5/5
  2911 | D:4      | Noticed plsesad's ghost (amateur HESk)
  3063 | D:4      | Noticed an ogre
  3125 | D:4      | Killed an ogre
  3125 | D:4      | Reached skill level 5 in Stealth
  3399 | D:4      | Reached XP level 6. HP: 46/46 MP: 6/6
  3911 | D:5      | Entered Level 5 of the Dungeon
  4389 | D:5      | Noticed a yak
  4599 | D:5      | Gained mutation: You are immune to freezing clouds. [demonic ancestry]
  4599 | D:5      | Reached XP level 7. HP: 25/52 MP: 7/7
  4828 | D:5      | Noticed a yak
  4830 | D:5      | Noticed a yak
  4885 | D:5      | Killed a yak
  5094 | D:5      | Noticed a yak
  5095 | D:5      | Noticed a yak
  5162 | D:5      | Killed a yak
  5162 | D:5      | Reached skill level 6 in Stealth
  5372 | D:5      | Killed a yak
  5372 | D:5      | Reached XP level 8. HP: 60/60 MP: 8/8
  5657 | D:5      | Reached skill level 5 in Short Blades
  6508 | D:6      | Reached skill level 7 in Stealth
  7048 | D:6      | Found a staircase to the Ecumenical Temple.
  7069 | Temple   | Entered the Ecumenical Temple
  7171 | Temple   | Became a worshipper of Dithmenos the Shadowed
  7357 | D:6      | Reached XP level 9. HP: 65/66 MP: 9/9
  7530 | D:6      | Found an opulent altar of Gozag.
  7562 | D:6      | Reached skill level 1 in Invocations
  9006 | D:5      | HP: 2/67 [acid (2)]
  9007 | D:5      | Splashed by a jelly's acid

Vault maps used:
D:1:      erik_arrival_cave_to_civilisation, xom_teletrap_fun
D:2:      nicolae_ru_the_path_less_chosen
D:4:      first_bread, minmay_hedge_maze
D:6:      basic_altar
Temple:   kilobyte_greek_temple

Skill      XL: |  1  2  3  4  5  6  7  8  9 |
---------------+----------------------------+-----
Dodging        | 1 2 3 4 |  4.4
Short Blades   | 2 3 4 6 |  6.4
Throwing       | 2 3 4 |  4.6
Stealth        | 4 5 6 7 |  7.5
Fighting       | 3 4 |  4.8
Invocations    | 2 |  2.2

Action                   |  1- 3 |  4- 6 |  7- 9 || total
-------------------------+-------+-------+-------++-------
Melee: Dagger            |   138 |   113 |    32 ||   283
       Falchion          |       |    20 |   309 ||   329
 Fire: Blowgun           |    11 |    79 |   125 ||   215
Throw: Throwing net      |       |     1 |     1 ||     2
  Use: Scroll            |     6 |     9 |       ||    15
       Potion            |       |       |     5 ||     5
 Stab: Sleeping          |     6 |    16 |     5 ||    27
       Distracted        |     1 |       |     1 ||     2
       Held in net/web   |       |     1 |       ||     1
  Eat: Chunk             |     2 |     9 |    10 ||    21
       Fruit             |       |       |     1 ||     1
       Meat ration       |       |       |     1 ||     1
Armor: Robe              |    40 |    34 |    58 ||   132
Dodge: Dodged            |    98 |    88 |   244 ||   430
